 Dungeon Crawl Stone Soup version 0.23.2-1-ga50397a (webtiles) character file.

Game seed: 14192121205974103243

13 MalarOregon the Digger (level 2, 0/21 (22) HPs)
             Began as a Ghoul Earth Elementalist on June 2, 2019.
             Slain by a quokka (3 damage)
             ... on level 2 of the Dungeon.
             The game lasted 00:00:57 (713 turns).

MalarOregon the Digger (Ghoul Earth Elementalist)    Turns: 713, Time: 00:00:58

HP:   0/21 (22)     AC:  2    Str: 11    XL:     2   Next: 37%
MP:   0/3           EV: 12    Int: 10    God:
Gold: 108           SH:  0    Dex:  9    Spells: 3/4 levels left

rFire    . . .     SeeInvis .     - Unarmed
rCold    + . .     Gourm    .   (no shield)
rNeg     + + +     Faith    .   c - +0 robe
rPois    ∞         Spirit   .   (no helmet)
rElec    .         Reflect  .   (no cloak)
rCorr    .         Harm     .   (no gloves)
MR       .....                  (no boots)
Stlth    ++........             (no amulet)
HPRegen  0.00/turn              (no ring)
MPRegen  0.08/turn              (no ring)

@: very slightly contaminated, rotting
A: rotting body, claws 1, carnivore, cold resistance 1, negative energy
resistance 3, inhibited regeneration, torment resistance, unbreathing
a: no special abilities


You were on level 2 of the Dungeon.
You were not hungry.

You visited 1 branch of the dungeon, and saw 2 of its levels.

You collected 108 gold pieces.

Inventory:

Missiles
 b - 63 stones (quivered)
Armour
 c - a +0 robe (worn)
Scrolls
 d - a scroll of blinking {unknown}
 f - 2 scrolls of fear {unknown}
 g - 2 scrolls of identify {unknown}
Potions
 a - 3 potions of curing {unknown}
Comestibles
 e - 4 rations {!d}


   Skills:
 + Level 0.7 Fighting
 - Level 1.7 Dodging
 + Level 2.4 Stealth
 * Level 1.2 Unarmed Combat
 - Level 1.7 Spellcasting
   Level 0.8 Transmutations
 + Level 3.4 Earth Magic


You had 3 spell levels left.
You knew the following spells:

 Your Spells              Type           Power        Failure   Level  Hunger
a - Sandblast             Erth           #.....       8%          1    ##.....

Your spell library contained the following spells:

 Spells                   Type           Power        Failure   Level  Hunger
 Passwall                 Tmut/Erth      #.......     21%         2    ###....
 Stone Arrow              Conj/Erth      #.....       43%         3    ####...
 Petrify                  Tmut/Erth      #.......     78%         4    #####..
 Lee's Rapid Deconstruct  Erth           #.........   91%         5    ######.


Dungeon Overview and Level Annotations

Branches:
Dungeon (2/15)

Altars:


Innate Abilities, Weirdness & Mutations

Your body is rotting away.
You thrive on raw meat.
You are immune to poison.
You have sharp fingernails.
You are carnivorous and can eat meat at any time.
Your flesh is cold resistant. (rC+)
You are immune to negative energy. (rN+++)
You do not regenerate when monsters are visible.
You are immune to unholy pain and torment.
You can survive without breathing.


Message History

d - a scroll labeled HOBROU KOREOCA You now have 108 gold pieces (gained 19).
Found a ration.
f - 2 scrolls labeled YXTION UPNUCK (gained 1)
Found 6 gold pieces.
e - 4 rations {!d} (gained 1)
A quokka comes into view.
A quokka is nearby!
A quokka is nearby!
A quokka comes into view.
Found 4 javelins.
The quokka barely misses you.
You see here 6 gold pieces.
You completely miss the quokka. The quokka closely misses you.
You miss the quokka. The quokka bites you.
You closely miss the quokka. The quokka closely misses you. x2
You scratch the quokka. The quokka misses you.
You barely miss the quokka. The quokka closely misses you. x2
You miss the quokka. The quokka barely misses you. The quokka bites you.
You barely miss the quokka. The quokka barely misses you. The quokka bites you.
* * * LOW HITPOINT WARNING * * *
The quokka closely misses you. x2; The quokka barely misses you.
A rat comes into view.
You scratch the quokka. The quokka bites you.
* * * LOW HITPOINT WARNING * * *
Aim: a quokka (moderately wounded)
The blast of sand hits the quokka.
b - 64 stones The quokka misses you.
Aim: a quokka (severely wounded)
The blast of sand hits the quokka.
You kill the quokka!
b - 63 stones The rat closely misses you.
Aim: a quokka (severely wounded)
You miscast Sandblast.
You are very lightly contaminated with residual magic.
You feel earthy. The quokka closely misses you.
The rat bites you but does no damage. The quokka barely misses you.
You barely miss the quokka. The quokka barely misses you.
The rat barely misses you.
Okay, then.
You closely miss the quokka. The quokka barely misses you. The rat misses you.
You completely miss the quokka. The quokka barely misses you.
The rat bites you.
* * * LOW HITPOINT WARNING * * *
The quokka bites you.
* * * LOW HITPOINT WARNING * * *
You barely miss the quokka. The quokka bites you.
You die...

.#.# ## .#.# #.
...# #.#.#.###
#....... #..##.#
#^...r# ####
##$##r# ..#
##.##@#### #.#
#..........#
#.######..##.####.#
#.........##..r
#.#####...#####.#
#####.######..## .
...............#
...............#
##..<.#######..#


You could see a quokka and a rat.

Vanquished Creatures
  A bat (D:1)
  2 giant cockroaches (D:1)
  2 goblins (D:1)
  A hobgoblin (D:1)
  A quokka (D:2)
  A ball python (D:1)
  A frilled lizard (D:1)
  A kobold (D:1)
  2 rats (D:1)
12 creatures vanquished.

Notes
Turn   | Place    | Note
-------+----------+-------------------------------------------
     0 | D:1      | MalarOregon the Ghoul Earth Elementalist began the quest
                  | for the Orb.
     0 | D:1      | Reached XP level 1. HP: 14/14 MP: 2/2
   199 | D:1      | Reached XP level 2. HP: 21/22 MP: 3/3
   338 | D:1      | Reached skill level 1 in Unarmed Combat
   713 | D:2      | Slain by a quokka

Skill      XL: |  1  2 |
---------------+-------+-----
Unarmed Combat | 1 |  1.2
Fighting       | |  0.7
Dodging        | |  1.7
Stealth        | |  2.4
Spellcasting   | |  1.7
Transmutations | |  0.8
Earth Magic    | |  3.4

Action                   || total
-------------------------++-------
Melee: Unarmed           ||    54
 Cast: Sandblast         ||     2
 Stab: Sleeping          ||     1
  Eat: Chunk             ||     2
Armor: Robe              ||    10
Dodge: Dodged            ||    47
